 Dungeon Crawl Stone Soup version 0.30-a0-377-g5cb311bc9f (webtiles) character file.

Game seed: 6530545182319953003

29129 bande the Cleaver (level 13, -4/82 HPs)
             Began as a Gargoyle Fighter on Nov 28, 2022.
             Was the Champion of Okawaru.
             Slain by a six-headed hydra (5 damage)
             ... on level 4 of the Lair of Beasts.
             The game lasted 00:27:39 (16068 turns).

bande the Cleaver (Gargoyle Fighter)               Turns: 16068, Time: 00:27:40

Health: -4/82      AC: 32    Str: 20    XL:     13   Next: 43%
Magic:  0/18       EV:  5    Int: 10    God:    Okawaru [******]
Gold:   739        SH: 10    Dex: 13    Spells: 12/12 levels left

rFire   . . .      SeeInvis .    A - +2 scimitar (flame)
rCold   . . .      Faith    .    y - +0 kite shield
rNeg    + . .      Spirit   +    v - +0 plate armour
rPois   ∞          Reflect  .    H - +1 hat
rElec   +          Harm     .    D - +2 cloak
rCorr   .          Rampage  .    h - +1 pair of gloves
Will    .....                    j - +0 pair of boots
Stlth   ..........               u - amulet of guardian spirit
HPRegen 0.33/turn                (no ring)
MPRegen 0.16/turn                (no ring)

@: no status effects
A: sickness immunity, AC +9, negative energy resistance 1, electricity
resistance, torment resistance 1, petrification resistance
a: Renounce Religion, Heroism, Finesse, Duel


You were on level 4 of the Lair of Beasts.
You worshipped Okawaru.
Okawaru was exalted by your worship.
You visited 3 branches of the dungeon, and saw 13 of its levels.
You also visited: Ossuary.

You collected 739 gold pieces.

Inventory:

Hand Weapons
 a - a +0 war axe of venom
 o - a +1 arbalest of freezing
 x - a +3 broad axe of electrocution
 A - a +2 scimitar of flaming (weapon)
Missiles
 e - 2 throwing nets (quivered)
Armour
 h - a +1 pair of gloves (worn)
 j - a +0 pair of boots (worn)
 v - a +0 plate armour (worn)
 y - a +0 kite shield (worn)
 D - a +2 cloak (worn)
 H - a +1 hat (worn)
Jewellery
 c - an amulet of reflection
 i - a ring of fire
 u - an amulet of guardian spirit (around neck)
 F - a ring of positive energy
Wands
 l - a wand of roots (2)
 q - a wand of acid (8)
 t - a wand of digging (9)
Scrolls
 d - a scroll of identify
 n - 4 scrolls of blinking
 p - 10 scrolls of teleportation
 r - 2 scrolls of fear
 w - 2 scrolls of enchant armour
 z - a scroll of poison
 E - a scroll of fog
Potions
 b - 4 potions of haste
 f - 6 potions of curing
 g - 4 potions of brilliance
 k - 3 potions of invisibility
 m - 4 potions of mutation
 B - a potion of ambrosia
 C - a potion of resistance
 G - 2 potions of might


   Skills:
 + Level 9.9 Fighting
 - Level 0.2 Long Blades
 + Level 12.7 Axes
 + Level 10.7 Armour
 - Level 0.4 Stealth
 + Level 8.6 Shields
 * Level 7.9 Invocations
 * Level 7.4 Evocations


You had 12 spell levels left.
You didn't know any spells.
Your spell library contained the following spells:

 Spells                   Type           Power      Damage    Failure   Level
 Freeze                   Ice            0%         1d3       100%        1
 Magic Dart               Conj           0%         1d3       100%        1
 Poisonous Vapours        Pois/Air       0%         N/A       100%        2
 Frozen Ramparts          Ice            0%         1d1       100%        3
 Hailstorm                Conj/Ice       0%         3d3       100%        3
 Inner Flame              Hex/Fire       0%         N/A       100%        3
 Mephitic Cloud           Conj/Pois/Air  0%         N/A       100%        3
 Portal Projectile        Hex/Tloc       0%         N/A       100%        3
 Cause Fear               Hex            0%         N/A       100%        4
 Ice Form                 Ice/Tmut       0%         N/A       100%        4
 Leda's Liquefaction      Hex/Erth       0%         N/A       100%        4
 Petrify                  Tmut/Erth      0%         N/A       100%        4
 Blade Hands              Tmut           0%         N/A       100%        5
 Irradiate                Conj/Tmut      0%         3d11      100%        5
 Discord                  Hex            0%         N/A       100%        8
 Call Imp                 Summ           Unusable   N/A       N/A         2
 Cigotuvi's Dreadful Rot  Necr/Pois/Air  Unusable   N/A       N/A         2
 Sublimation of Blood     Necr           Unusable   N/A       N/A         2
 Call Canine Familiar     Summ           Unusable   N/A       N/A         3
 Tukima's Dance           Hex            Unusable   N/A       N/A         3
 Simulacrum               Ice/Necr       Unusable   N/A       N/A         6

Dungeon Overview and Level Annotations

Branches:
Dungeon (8/15)             Temple (1/1) D:6            Lair (4/5) D:8
 Shoals (0/4) Lair:3       Spider (0/4) Lair:2        Slime (0/5) Lair:4
Ossuary (visited)

Altars:
Ashenzari
Cheibriados
Dithmenos
Elyvilon
Gozag
Hepliaklqana
Kikubaaqudgha
Makhleb
Nemelex Xobeh
Okawaru
Ru
Sif Muna
Trog
Uskayaw
Vehumet
Wu Jian
Xom
Yredelemnul
Zin
The Shining One

Annotations:
D:4 1 runed translucent door
D:8 3 runed translucent doors
Lair:3 exclusion: oklob plant


Innate Abilities, Weirdness & Mutations

You are immune to sickness and miasma.
Your stone body is resilient. (AC +9)
You are immune to poison.
You resist negative energy. (rN+)
You are resistant to electric shocks. (rElec)
You are resistant to unholy torment.
You are immune to petrification.


Message History

The flame cauterises the wound!
You slash the seven-headed hydra! You burn the seven-headed hydra.
The seven-headed hydra is heavily wounded.
The catoblepas breathes a plume of calcifying dust at you.
The blast of calcifying dust hits you but does no damage.
You block the seven-headed hydra's attack.
The seven-headed hydra bites you but does no damage. x3
You block the seven-headed hydra's attack.
The seven-headed hydra completely misses you.
You block the seven-headed hydra's attack.
The catoblepas gores you but does no damage.
You hit the seven-headed hydra but do no damage.
The seven-headed hydra is moderately wounded.
The seven-headed hydra bites you but does no damage. x2
You block the seven-headed hydra's attack.
The seven-headed hydra bites you but does no damage.
The seven-headed hydra bites you!
The seven-headed hydra bites you but does no damage. x2
The catoblepas gores you!
* * * LOW HITPOINT WARNING * * *
You block the seven-headed hydra's attack.
The seven-headed hydra bites you but does no damage.
The seven-headed hydra bites you!
* * * LOW HITPOINT WARNING * * *
The seven-headed hydra bites you but does no damage. x2
The seven-headed hydra bites you!
* * * LOW HITPOINT WARNING * * *
You block the seven-headed hydra's attack.
The catoblepas gores you but does no damage.
You lop one of the seven-headed hydra's heads off!
The flame cauterises the wound!
You slash the six-headed hydra! You burn the six-headed hydra.
The six-headed hydra is heavily wounded.
The six-headed hydra bites you.
* * * LOW HITPOINT WARNING * * *
You block the six-headed hydra's attack.
The six-headed hydra bites you but does no damage.
You block the six-headed hydra's attack.
The six-headed hydra bites you.
You die...

............
........................
........................
........................
.?......................
........................
........................
.......D................
..!...Y@§§.........#..#.
.<..........#.##########
P##.####.##P##.# # #
#########


You could see a catoblepas and a six-headed hydra.

Vanquished Creatures
  A hydra (Lair:2)
  2 catoblepae
  3 boulder beetles
  A two-headed ogre (D:8)
  Erica (D:8)
  8 death yaks
  3 black mambas
  2 merfolk sirens (Lair:3)
  6 elephants (Lair:3)
  Maggie (D:8)
  12 cane toads
  4 komodo dragons
  Prince Ribbit (D:8)
  2 polar bears (Lair:3)
  2 merfolk (Lair:3)
  The ghost of NinjaNoafa the Magician, an amateur DjIE of Elyvilon (D:4)
  A hornet (D:8)
  5 dream sheep (Lair:3)
  3 blink frogs (Lair:2)
  3 wyverns
  15 yaks
  3 basilisks
  2 humans (D:8)
  An acid dragon (D:8)
  Edmund (D:5)
  11 water moccasins
  A black bear (D:4)
  2 orc warriors (D:7)
  4 ice beasts
  A sky beast (D:6)
  An ogre (D:4)
  5 wolves
  2 centaurs (D:7)
  3 phantoms (D:5)
  2 kobold brigands (D:8)
  An elf zombie (Ossuary)
  Blork the orc (D:4)
  4 bullfrogs
  3 necrophages
  2 scorpions
  A wight (D:8)
  4 howler monkeys
  3 jellies
  6 hounds
  4 orc priests
  Crazy Yiuf (D:2)
  2 gnoll boudas (D:7)
  A human zombie (Ossuary)
  An iron imp (D:7)
  Ijyb (D:4)
  4 iguanas
  8 orc wizards
  3 hound zombies (Ossuary)
  3 mummies (Ossuary)
  9 gnolls (D:7)
  10 adders
  A river rat (D:4)
  A shadow imp (D:8)
  2 white imps
  An ufetubus (D:6)
  2 adder zombies (Ossuary)
  6 worms
  3 dart slugs
  37 orcs
  11 ball pythons
  6 endoplasms
  4 giant cockroaches (Lair:2)
  2 gnoll zombies (Ossuary)
  6 goblins
  9 hobgoblins
  15 jackals
  7 quokkas
  5 bats
  3 frilled lizards (D:2)
  4 goblin zombies (Ossuary)
  2 hobgoblin zombies (Ossuary)
  4 jackal zombies (Ossuary)
  21 kobolds
  5 kobold zombies (Ossuary)
  2 orc zombies (Ossuary)
  3 quokka zombies (Ossuary)
  3 rats
  5 rat zombies (Ossuary)
358 creatures vanquished.

Vanquished Creatures (others)
  A bush (Lair:1)
  18 fungi
  13 plants
32 creatures vanquished.

Grand Total: 390 creatures vanquished

Notes
Turn   | Place    | Note
-------+----------+-------------------------------------------
     0 | D:1      | bande the Gargoyle Fighter began the quest for the Orb.
     0 | D:1      | Reached XP level 1. HP: 14/14 MP: 1/1
   114 | D:1      | Reached skill level 2 in Axes
   124 | D:1      | Reached XP level 2. HP: 13/19 MP: 2/2
   443 | D:1      | Reached XP level 3. HP: 20/23 MP: 3/3
  1025 | D:2      | Reached skill level 3 in Axes
  1025 | D:2      | Reached XP level 4. HP: 27/28 MP: 4/4
  1071 | D:2      | Found a hide-covered altar of Uskayaw.
  1125 | D:2      | Found a runed translucent door.
  1126 | D:2      | Noticed Crazy Yiuf
  1799 | D:2      | Killed Crazy Yiuf
  1800 | D:2      | Reached XP level 5. HP: 24/32 MP: 5/5
  1940 | D:3      | Reached skill level 4 in Axes
  2010 | D:3      | Reached XP level 6. HP: 38/38 MP: 6/6
  2525 | D:3      | Found a faded altar of an unknown god.
  2610 | D:4      | Found a runed translucent door.
  2611 | D:4      | Noticed NinjaNoafa's ghost (amateur DjIE)
  2786 | D:4      | Found a runed translucent door.
  2878 | D:4      | Reached skill level 5 in Axes
  2935 | D:4      | Reached XP level 7. HP: 43/43 MP: 7/7
  3184 | D:4      | Noticed Ijyb
  3190 | D:4      | Killed Ijyb
  3191 | D:4      | Reached skill level 5 in Armour
  3256 | D:4      | Noticed Blork the orc
  3264 | D:4      | Killed Blork the orc
  3439 | D:4      | Reached skill level 6 in Axes
  3857 | D:4      | Killed NinjaNoafa's ghost
  3858 | D:4      | Reached XP level 8. HP: 25/48 MP: 8/8
  4070 | D:5      | Entered Level 5 of the Dungeon
  4110 | D:5      | Reached skill level 5 in Fighting
  4383 | D:5      | Noticed Edmund
  4393 | D:5      | Killed Edmund
  4488 | D:5      | Reached skill level 7 in Axes
  4488 | D:5      | Reached skill level 5 in Shields
  5330 | D:5      | Reached XP level 9. HP: 54/54 MP: 9/9
  5478 | D:6      | Reached skill level 1 in Evocations
  5760 | D:6      | Found a staircase to the Ecumenical Temple.
  5771 | Temple   | Entered the Ecumenical Temple
  6055 | D:6      | Reached skill level 8 in Axes
  6203 | D:6      | Found a glowing golden altar of the Shining One.
  6205 | D:6      | Found a sparkling altar of Nemelex Xobeh.
  6207 | D:6      | Found a radiant altar of Vehumet.
  6207 | D:6      | Found a bloodstained altar of Trog.
  6207 | D:6      | Found a glowing silver altar of Zin.
  6210 | D:6      | Found a shadowy altar of Dithmenos.
  6267 | D:7      | Found a sand-covered staircase.
  6316 | Ossuary  | Entered an ossuary
  7169 | D:7      | Reached XP level 10. HP: 55/61 MP: 8/10
  7232 | D:7      | Reached skill level 9 in Axes
  7277 | D:7      | Found a snail-covered altar of Cheibriados.
  7410 | D:8      | Found an iron altar of Okawaru.
  7417 | D:8      | Became a worshipper of Warmaster Okawaru
  7503 | D:8      | Reached skill level 1 in Invocations
  7518 | D:8      | Found a runed translucent gate.
  7518 | D:8      | Found a runed translucent gate.
  7518 | D:8      | Found a runed translucent gate.
  7518 | D:8      | Noticed a cyan ugly thing
  7518 | D:8      | Noticed a cyan ugly thing
  7518 | D:8      | Noticed a brown ugly thing
  7518 | D:8      | Noticed a cyan ugly thing
  7519 | D:8      | Noticed a glowing orange brain
  7594 | D:8      | Found a staircase to the Lair.
  7597 | D:8      | Noticed Maggie
  7609 | D:8      | Killed Maggie
  7687 | D:8      | Noticed Erica
  7699 | D:8      | Killed Erica
  7699 | D:8      | Reached * piety under Okawaru
  7917 | D:8      | Noticed a two-headed ogre
  7928 | D:8      | Killed a two-headed ogre
  8044 | D:8      | Found a hazy altar of Hepliaklqana.
  8227 | D:8      | Reached ** piety under Okawaru
  8486 | D:8      | Noticed Prince Ribbit
  8551 | D:8      | Killed Prince Ribbit
  8552 | D:8      | Reached skill level 10 in Axes
  8771 | Lair:1   | Entered Level 1 of the Lair of Beasts
  8838 | Lair:1   | Reached XP level 11. HP: 45/67 MP: 9/13
  9467 | Lair:1   | Noticed a death yak
  9531 | D:8      | Reached *** piety under Okawaru
  9644 | D:8      | Killed a death yak
  9918 | Lair:1   | Noticed a boulder beetle
  9926 | Lair:1   | HP: 3/68 [komodo dragon (11)]
  9938 | Lair:1   | Killed a boulder beetle
  9939 | Lair:1   | Reached skill level 5 in Evocations
 10514 | Lair:1   | Noticed a death yak
 10515 | Lair:1   | Noticed a death yak
 10534 | Lair:1   | Killed a death yak
 10540 | Lair:1   | Killed a death yak
 10540 | Lair:1   | Reached **** piety under Okawaru
 10884 | Lair:1   | Found a hide-covered altar of Uskayaw.
 10884 | Lair:1   | Found an ornate altar of the Wu Jian Council.
 10884 | Lair:1   | Noticed a boulder beetle
 10903 | Lair:1   | Killed a boulder beetle
 10903 | Lair:1   | Received a gift from Okawaru
 10904 | Lair:1   | Reached skill level 5 in Invocations
 11209 | Lair:1   | Noticed a catoblepas
 11226 | Lair:1   | Killed a catoblepas
 11484 | Lair:1   | Identified a scroll of acquirement
 11484 | Lair:1   | Acquired a +3 vorpal broad axe
 11514 | Lair:1   | Reached ***** piety under Okawaru
 11524 | Lair:1   | Reached skill level 11 in Axes
 11830 | Lair:1   | Reached XP level 12. HP: 75/75 MP: 16/16
 12272 | Lair:2   | Noticed a catoblepas
 12283 | Lair:2   | Killed a catoblepas
 12367 | Lair:2   | Reached skill level 10 in Armour
 12616 | Lair:2   | Found a hole to the Spider Nest.
 12746 | Lair:2   | Identified the +5 ring mail of Toemyut {Int+5}
 12893 | Lair:2   | Received a gift from Okawaru
 13188 | Lair:3   | Received a gift from Okawaru
 13192 | Lair:3   | Reached skill level 12 in Axes
 13600 | Lair:3   | Reached ****** piety under Okawaru
 13623 | Lair:3   | Reached XP level 13. HP: 17/80 MP: 5/18
 14016 | Lair:3   | Found a staircase to the Shoals.
 15421 | Lair:3   | Received a gift from Okawaru
 15807 | Lair:4   | Found a staircase to the Slime Pits.
 16067 | Lair:4   | HP: 1/82 [seven-headed hydra (9)]
 16068 | Lair:4   | Slain by a six-headed hydra

Illustrated notes

Levels and vault maps discovered:
D:1:      minmay_arrival_plants_in_alcoves, layout_loops_ring,
          minmay_octomino_c4
D:2:      layout_basic, basic_altar, serial_bayou_crossing,
          uniq_crazy_yiuf_cottage
D:3:      layout_loops_cross, ebering_ecumenical_altar_hall
D:4:      layout_loops_cross, ebering_ghost_sewer_f, uniq_blork_the_orc,
          uniq_ijyb
D:5:      layout_gridville, minmay_misc_feat_rugged, uniq_edmund
D:6:      layout_loops_ring, minitemple, minmay_temple_entry_statues_pillars
D:7:      layout_cave_pools, slow_altar_1, nicolae_ossuary_entry_ruins
D:8:      kennysheep_spiral_hall, layout_gridville, okawaru_humans,
          mainiacjoe_overflow_concentric_impassable, dpeg_oklobed_lair,
          ploomutoo_gammafunk_ghost_potion_laboratory, uniq_maggie,
          uniq_prince_ribbit1, uniq_erica
Temple:   chequers_temple_sunken
Lair:1:   layout_regular_city, nzn_masters_of_martial_movement
Lair:2:   layout_roguey, nicolae_spider_entry_non_spiders, st_stairs_8,
          beast_lair_carwin_2, grunt_megastairs_4
Lair:3:   layout_cave_pods, elwin_shoals_entry_stream, minmay_lair_oklob_bushes
Lair:4:   layout_hall_layers, slime_entry_1, lemuel_fruit_fields

Skill      XL: |  1  2  3  4  5  6  7  8  9 10 11 12 13 |
---------------+----------------------------------------+-----
Axes           | 2 3 4 5 6 7 8 10 11 12 | 12.7
Armour         | 4 5 6 7 8 9 10 | 10.7
Shields        | 4 5 6 7 8 |  8.6
Fighting       | 4 5 6 7 8 9 |  9.9
Evocations     | 3 4 5 6 7 |  7.4
Invocations    | 3 5 7 |  7.9
Long Blades    | |  0.2
Stealth        | |  0.4

Action                   |  1- 3 |  4- 6 |  7- 9 | 10-12 | 13-15 || total
-------------------------+-------+-------+-------+-------+-------++-------
Melee: War axe           |   111 |   176 |   473 |   296 |       ||  1056
       Broad axe         |       |       |       |   217 |   105 ||   322
       Scimitar          |       |       |       |       |    15 ||    15
  Use: Scroll            |     3 |     8 |     5 |     8 |       ||    24
       Potion            |       |     1 |     2 |    11 |       ||    14
Armor: Scale mail        |    78 |    94 |    63 |       |       ||   235
       Chain mail        |       |       |   270 |   259 |       ||   529
       Skin              |       |       |       |     4 |       ||     4
       Plate armour      |       |       |       |   150 |   121 ||   271
Dodge: Dodged            |    56 |    70 |   166 |   115 |    23 ||   430
Block: Buckler           |    31 |    36 |   118 |       |       ||   185
       Kite shield       |       |       |       |   286 |    63 ||   349

Table legend: (Time is in decaauts)
 A = Elapsed time spent in this place.
 B = Non-inter-level travel time spent in this place.
 C = Inter-level travel time spent in this place.
 D = Time resting spent in this place.
 E = Time spent auto-exploring this place.
 F = Levels seen in this place.
 G = Mean time per level.
                   A        B        C        D        E       F      G
               +--------+--------+--------+--------+--------+-----+--------+
         Total |  16447 |  16266 |    181 |   4888 |   7711 |  14 | 1174.8 |
       Dungeon |   8849 |   8686 |    163 |   1262 |   5208 |   8 | 1106.1 |
        Temple |    246 |    246 |      0 |      0 |    194 |   1 |  246.0 |
          Lair |   7016 |   6998 |     18 |   3600 |   2195 |   4 | 1754.0 |
       Ossuary |    334 |    334 |      0 |     26 |    114 |   1 |  334.0 |
               +--------+--------+--------+--------+--------+-----+--------+

Top non-repeatable levels by time:
  Lair:1: 3058 daAuts
  Lair:3: 2212 daAuts
     D:8: 1753 daAuts
  Lair:2: 1608 daAuts
     D:4: 1406 daAuts
     D:2: 1118 daAuts
     D:5: 1069 daAuts
     D:6: 946 daAuts
     D:3: 887 daAuts
     D:7: 854 daAuts
     D:1: 813 daAuts
 Ossuary: 334 daAuts
  Temple: 246 daAuts
  Lair:4: 136 daAuts
